 Dungeon Crawl Stone Soup version 0.30-a0-972-gf3ab3527aa (webtiles) character file.

Game seed: 1659364317691233315

46 Veggiepits the Shooter (level 3, 0/22 HPs)
             Began as a Kobold Hunter on Apr 1, 2023.
             Killed from afar by Natasha (6 damage)
             ... with a magic dart
             ... on level 2 of the Dungeon.
             The game lasted 00:07:21 (1286 turns).

Veggiepits the Shooter (Kobold Hunter)              Turns: 1286, Time: 00:07:21

Health: 0/22       AC:  5    Str:  8    XL:     3   Next: 95%
Magic:  3/3        EV: 15    Int: 10    God:
Gold:   46         SH:  0    Dex: 20    Spells: 2/2 levels left

rFire   . . .      SeeInvis .    a - +0 shortbow
rCold   . . .      Faith    .    (shield currently unavailable)
rNeg    . . .      Spirit   .    c - +0 leather armour
rPois   .          Reflect  .    (no helmet)
rElec   .          Rampage  .    l - +0 cloak
rCorr   .                        m - +0 pair of gloves
Will    .....                    (no boots)
Stlth   +++                      (no amulet)
HPRegen 0.23/turn                (no ring)
MPRegen 0.08/turn                (no ring)

@: slowed, very slow
A: small, no large weapons, nightstalker 3
a: no special abilities


You were on level 2 of the Dungeon.
You visited 1 branch of the dungeon, and saw 2 of its levels.

You collected 46 gold pieces.

Inventory:

Hand Weapons
 a - a +0 shortbow (weapon)
 f - a +2 short sword of electrocution
 i - a +0 dagger
Armour
 c - a +0 leather armour (worn)
 l - a +0 cloak (worn)
 m - a +0 pair of gloves (worn)
Scrolls
 b - a scroll of immolation
 e - 3 scrolls of identify {unknown}
 g - a scroll of noise {unknown}
 h - a scroll of amnesia {unknown}
Potions
 d - a potion of flight {unknown}
 j - a potion of magic {unknown}
 k - a potion of brilliance {unknown}
 n - a potion of berserk rage {unknown}


   Skills:
 * Level 2.3 Fighting
 + Level 6.1 Ranged Weapons
 + Level 0.1 Armour
 * Level 3.0 Dodging
 * Level 2.8 Stealth


You had 2 spell levels left.
You didn't know any spells.
Your spell library contained the following spells:

 Spells                   Type           Power      Damage    Failure   Level
 Borgnjor's Revivificati  Necr           0%         N/A       100%        8
 Necromutation            Tmut/Necr      0%         N/A       100%        8
 Death's Door             Necr           0%         N/A       100%        9


Dungeon Overview and Level Annotations

Branches:
Dungeon (2/15)

Altars:

Shops:
D:1 *

Annotations:
D:2 Natasha


Innate Abilities, Weirdness & Mutations

You are small and have problems with some larger weapons.
You are completely attuned to the shadows.


Message History

You shoot an arrow. The arrow hits Natasha.
Natasha is severely wounded.
Natasha claws you but does no damage.
Fire: a) +0 shortbow
Press: ? - help, Q - select action Shift-Dir - straight line, f/p - Natasha
Aim: Natasha (severely wounded, 60% to hit)
You shoot an arrow. The arrow barely misses Natasha.
Natasha casts a spell at you. The magic dart hits you.
Fire: a) +0 shortbow
Press: ? - help, Q - select action Shift-Dir - straight line, f/p - Natasha
Aim: Natasha (severely wounded, 60% to hit)
You shoot an arrow. The arrow hits Natasha.
Natasha is severely wounded.
Natasha closely misses you.
Fire: a) +0 shortbow
Press: ? - help, Q - select action Shift-Dir - straight line, f/p - Natasha
Aim: Natasha (severely wounded, 60% to hit)
You shoot an arrow. The arrow closely misses Natasha.
Natasha closely misses you.
Natasha stares at you and mumbles some strange words.
You feel yourself slow down.
Fire: a) +0 shortbow
Press: ? - help, Q - select action Shift-Dir - straight line, f/p - Natasha
Aim: Natasha (severely wounded, 60% to hit)
You shoot an arrow. The arrow closely misses Natasha.
Natasha completely misses you.
Natasha stares at you and mumbles some strange words.
The magic dart hits you!
Ouch! That really hurt!
* * * LOW HITPOINT WARNING * * *
Fire: a) +0 shortbow
Press: ? - help, Q - select action Shift-Dir - straight line, f/p - Natasha
Aim: Natasha (severely wounded, 60% to hit)
You shoot an arrow.
The arrow hits Natasha but does no damage.
Natasha is severely wounded.
Natasha stares at you and mumbles some strange words.
The magic dart hits you.
You die...

#.# #..
....# #
#.#
#.##.##
#.#...##
#..#.#...
#.#......
#>#......
#..#...
#.@##..
#.h#
....#
....##
##..


You could see Natasha.

Vanquished Creatures
  An adder (D:2)
  A worm (D:1)
  2 bats (D:1)
  An endoplasm (D:1)
  A giant cockroach (D:1)
  7 goblins (D:1)
  2 hobgoblins (D:1)
  3 jackals (D:2)
  A quokka (D:1)
  4 ball pythons (D:1)
  2 frilled lizards
  3 kobolds
  3 rats
31 creatures vanquished.

Notes
Turn   | Place    | Note
-------+----------+-------------------------------------------
     0 | D:1      | Veggiepits the Kobold Hunter began the quest for the Orb.
     0 | D:1      | Reached XP level 1. HP: 12/12 MP: 1/1
   261 | D:1      | Found Ziamoerr's General Store.
   419 | D:1      | Reached XP level 2. HP: 17/17 MP: 2/2
   636 | D:1      | Reached XP level 3. HP: 21/21 MP: 3/3
  1101 | D:2      | Reached skill level 6 in Ranged Weapons
  1275 | D:2      | Noticed Natasha
  1286 | D:2      | Killed from afar by Natasha

Illustrated notes

Levels and vault maps discovered:
D:1:      amcnicky_arrival_blooded_trapdoor, layout_rooms, serial_shops, shop,
          nicolae_kite_square_tiling_tiny, nicolae_wormholes
D:2:      layout_loops_ring, basic_ecumenical_altar, uniq_natasha

Skill      XL: |  1  2  3 |
---------------+----------+-----
Stealth        | 2 |  2.8
Ranged Weapons | 6 |  6.1
Dodging        | 3 |  3.0
Fighting       | |  2.3
Armour         | |  0.1

Action                     || total
---------------------------++-------
   Fire: Shortbow          ||    85
 Armour: Leather armour    ||    12
  Dodge: Dodged            ||    47

Table legend: (Time is in decaauts)
 A = Elapsed time spent in this place.
 B = Non-inter-level travel time spent in this place.
 C = Inter-level travel time spent in this place.
 D = Time resting spent in this place.
 E = Time spent auto-exploring this place.
 F = Levels seen in this place.
 G = Mean time per level.
                   A        B        C        D        E       F      G
               +--------+--------+--------+--------+--------+-----+--------+
         Total |   1309 |   1309 |      0 |    319 |    555 |   2 |  654.5 |
       Dungeon |   1309 |   1309 |      0 |    319 |    555 |   2 |  654.5 |
               +--------+--------+--------+--------+--------+-----+--------+

Top non-repeatable levels by time:
     D:1: 1102 daAuts
     D:2: 206 daAuts
